AoeStats
← Vakkil_Vandumurugan

African Clearing

510329310Analyzed
2v2 RM · 1d ago on Sep 30, 2026· 40m 21s· 4 players
Game mode
Random Map
Map size
Medium (4 player)
Population
200
Speed
Normal
Resources
Standard
Victory
Conquest
Starting age
Dark Age
Ending age
Imperial Age
RankedLock teamsTeams togetherTeam positionsShared explorationLock speedFull tech treeHidden civsTurbo modeCheats
Victory
Defeat
🇦🇷 Teutons · Argentina
1026
+17
🇳🇱 Portuguese · Netherlands
1001
+18
🇮🇳 Mongols · India
1120
-21
🇩🇪 Varangians · Germany
971
-14
Mortingen Şıtrayze
4:59 Loom
13:27 Feudal Age
14:11 Double-Bit Axe
21:22 Castle Age
20:14 Stone Mining
24:30 Bloodlines
24:28 Gambesons
28:09 Horse Collar
30:18 Wheelbarrow
30:24 Bow Saw
30:16 Heavy Plow
37:10 Imperial Age
34:33 Town Watch
34:39 Pikeman
38:09 Ballistics
38:51 Chemistry
Milei
5:25 Loom
14:33 Feudal Age
15:10 Double-Bit Axe
16:27 Town Watch
24:23 Gold Mining
24:24 Horse Collar
27:02 Castle Age
26:06 Bloodlines
27:24 Scale Barding Armor
28:05 Forging
29:40 Pikeman
30:47 Chain Barding Armor
34:37 Fletching
36:19 Iron Casting
37:32 Wheelbarrow
39:38 Bodkin Arrow
43:20 Imperial Age
Vixster
7:17 Loom
15:26 Feudal Age
17:55 Bloodlines
20:08 Castle Age
18:27 Scale Barding Armor
18:49 Double-Bit Axe
19:50 Bloodlines
25:41 Bow Saw
26:10 Horse Collar
32:33 Thumb Ring
33:05 Fletching
34:53 Pikeman
35:34 Squires
35:40 Scale Mail Armor
35:50 Forging
35:37 Bodkin Arrow
35:42 Padded Archer Armor
38:10 Ballistics
40:08 Chain Mail Armor
40:29 Iron Casting
Vakkil_Vandumurugan
5:03 Loom
15:06 Feudal Age
16:08 Double-Bit Axe
18:58 Castle Age
20:04 Bow Saw
19:38 Horse Collar
22:27 Fletching
24:52 Wheelbarrow
25:36 Scale Barding Armor
26:07 Bloodlines
27:26 Forging
28:39 Vendel Legacy
31:05 Chain Barding Armor
31:12 Husbandry
31:57 Town Watch
32:51 Gold Mining
32:51 Stone Mining
33:55 Iron Casting
34:04 Hand Cart
37:29 Imperial Age
37:33 Cavalier
38:37 Conscription
39:15 Plate Barding Armor
39:41 Blast Furnace
38:41 Elite Varangian Guard
39:22 Squires
39:07 Arson
39:25 Scale Mail Armor
Connection lost

Rejoining the realm…

Still unreachable

The connection could not be restored.

Session expired

The server has moved on; the page needs a fresh start.